 Dungeon Crawl Stone Soup version 0.27.1-34-g3ba077fa99 (webtiles) character file.

Game seed: 14701878575202720323

10922 melkoren the Grappler (level 11, -2/99 HPs)
             Began as a Troll Monk on Jan 13, 2022.
             Was a High Priest of Hepliaklqana.
             Slain by an orc knight (40 damage)
             ... on level 1 of the Orcish Mines.
             The game lasted 00:40:17 (8287 turns).

melkoren the Grappler (Troll Monk)                  Turns: 8287, Time: 00:40:18

Health: -2/99      AC: 13    Str: 17    XL:     11   Next: 42%
Magic:  0/19       EV: 13    Int:  8    God:    Hepliaklqana [*****.]
Gold:   703        SH:  0    Dex: 15    Spells: 10/10 levels left

rFire    . . .     SeeInvis .     - Unarmed
rCold    . . .     Faith    .   (no shield)
rNeg     . . .     Spirit   +   n - +1 steam dragon scales of Lugonu's Whim {Str-4 Slay+5}
rPois    +         Reflect  .   (helmet restricted)
rElec    .         Harm     .   l - +0 cloak
rCorr    .         Rampage  .   (gloves unavailable)
Will     .....                  (boots unavailable)
Stlth    ++........             G - amulet of guardian spirit
HPRegen  1.26/turn              O - +4 ring of protection
MPRegen  0.16/turn              W - ring of magical power

@: mighty, unable to read, hasted, very quick
A: reduced essence, large, unfitting armour, claws 3, regeneration 1, shaggy fur
1, tough skin 1, talons 1, clever 1, poison resistance, inability to read while
threatened
a: Renounce Religion, Recall Ancestor, Ancestor Identity, Transference, Idealise


You were on level 1 of the Orcish Mines.
You worshipped Hepliaklqana.
Hepliaklqana was extremely pleased with you.
You visited 2 branches of the dungeon, and saw 11 of its levels.

You collected 1853 gold pieces.
You spent 1150 gold pieces at shops.


Innate Abilities, Weirdness & Mutations

Your life essence is reduced to manifest your ancestor. (-10% HP)
You are too large for most types of armour.
You have claws for hands.
Your natural rate of healing is unusually fast.
You are covered in fur. (AC +1)
You have tough skin. (AC +1)
You have sharp toenails.
Your mind is acute. (Int +2)
Your system is resistant to poisons. (rPois)
You sometimes lose the ability to read scrolls when taking damage.


   Skills:
 - Level 8.0 Fighting
 + Level 2.5 Armour
 + Level 8.5 Dodging
 - Level 1.0 Stealth
 + Level 12.2 Unarmed Combat


You had 10 spell levels left.
You didn't know any spells.
Your spell library contained the following spells:

 Spells                   Type           Power      Damage    Failure   Level
 Freeze                   Ice            0%         1d3       41%         1
 Corpse Rot               Necr/Air       N/A        N/A       54%         2
 Ensorcelled Hibernation  Hex/Ice        0%         N/A       54%         2
 Poisonous Vapours        Pois/Air       0%         N/A       54%         2
 Sublimation of Blood     Necr           0%         N/A       54%         2
 Dazzling Flash           Conj/Hex       0%         N/A       78%         3
 Frozen Ramparts          Ice            0%         1d2       78%         3
 Gell's Gravitas          Tloc           0%         N/A       78%         3
 Spider Form              Tmut/Pois      0%         N/A       78%         3
 Teleport Other           Tloc           0%         N/A       78%         3
 Hailstorm                Conj/Ice       0%         3d3       99%         4
 Iskenderun's Mystic Bla  Conj/Tloc      0%         2d3       99%         4
 Petrify                  Tmut/Erth      0%         N/A       99%         4
 Freezing Cloud           Conj/Ice/Air   0%         6-21      100%        5
 Irradiate                Conj/Tmut      0%         3d14      100%        5
 Dispersal                Tloc           0%         N/A       100%        6
 Shadow Creatures         Summ           N/A        N/A       100%        6
 Starburst                Conj/Fire      0%         6d3       100%        6

Inventory:

Hand Weapons
 f - a +2 vorpal morningstar
   (You found it on level 1 of the Dungeon)
Missiles
 b - 8 curare-tipped darts {=f}
 c - 63 bolts
 e - 307 stones (quivered)
 h - 3 throwing nets {=f!f}
 o - 49 sling bullets
 t - 50 arrows
 u - 9 large rocks {=f}
 y - 5 poisoned darts
 H - 5 boomerangs
Armour
 a - a +0 robe
 l - a +0 cloak (worn)
   (You found it on level 6 of the Dungeon)
 n - the +1 steam dragon scales of Lugonu's Whim (worn) {Str-4 Slay+5}
   (You bought it in a shop on level 7 of the Dungeon)

   Str:       It affects your strength (-4).
   Slay:      It affects your accuracy & damage with ranged weapons and melee
   (+5).
 x - +0 steam dragon scales
   (You took it off Maggie on level 9 of the Dungeon)
 D - a +2 robe of fire resistance
   (You took it off Psyche on level 8 of the Dungeon)
Jewellery
 E - a ring of willpower
   (You found it on level 9 of the Dungeon)
 G - an amulet of guardian spirit (around neck)
   (You took it off an orc on level 4 of the Dungeon)
 O - a +4 ring of protection (left claw)
   (You bought it in a shop on level 3 of the Dungeon)
 W - a ring of magical power (right claw)
   (You found it on level 3 of the Dungeon)
 Z - a ring of wizardry
   (You found it on level 6 of the Dungeon)
Wands
 i - a wand of acid (9)
   (You found it on level 2 of the Dungeon)
 j - a wand of flame (14)
   (You took it off Natasha on level 2 of the Dungeon)
 q - a wand of iceblast (21)
   (You found it on level 7 of the Dungeon)
 z - a wand of paralysis (9)
   (You found it on level 8 of the Dungeon)
 B - a wand of polymorph (9)
   (You found it on level 8 of the Dungeon)
Scrolls
 k - 4 scrolls of identify {@r1}
 m - 4 scrolls of teleportation {@r4}
 s - 2 scrolls of fog
 v - a scroll of torment {!r}
 F - a scroll of brand weapon
Potions
 g - 3 potions of resistance
 p - 4 potions of curing {@q1}
 r - 2 potions of lignification {!q}
 A - a potion of flight

Dungeon Overview and Level Annotations

Branches:
Dungeon (9/15)             Temple (0/1) D:4             Orc (2/2) D:9
    Elf (0/3) Orc:2
   Lair: D:8-11

Altars:
Ashenzari
Cheibriados
Dithmenos
Gozag
Hepliaklqana
Vehumet
Wu Jian
Jiyva

Shops:
D:2 :   D:3 =   D:7 *

Annotations:
D:6 1 runed translucent door
D:8 2 transporters

##..##........#
#..........#.##
##........#####
#####.#....##.###
##.###)##........###
#..................### ###
##.....#.............## ##.##
##........>....#.....#
##...###..รท.....@o.....#.#.##
#....#.#..##...[))........##
##.............#<..รท......###
###...........)[...........##
#................#..#......#
##.......###.#..##........##
##....### ######...#....##
##..## #.....#..## ##.##
##......###


You could see an orc knight (strong).


Message History

You scratch the orc warrior but do no damage.
Suppress barely misses the orc knight.
The orc warrior barely misses you.
You claw the orc warrior!
You claw the orc warrior, but do no damage.
You claw the orc warrior!
You kill the orc warrior!
The orc priest invokes the aid of Beogh against you.
Beogh smites you!
You hear some strange, mumbled words.
You are confused. ๐Ÿ˜• HP[-9] MP[-1]
You take 9 damage, and now have 90/99 hp.
You lost 1 mp, and now have 17/19 mp.
You closely miss the orc knight. You claw the orc knight.
The orc knight hits you with a +2 antimagic war axe!!
You feel your power leaking away. ๐Ÿ˜ฎ HP[-16] MP[-14]
You take 16 damage, and now have 74/99 hp.
You lost 14 mp, and now have 3/19 mp.
You feel very mighty all of a sudden.
The orc knight seems less confused.
The orc warrior hits you with a +2 long sword of flaming!!
You feel threatened and lose the ability to read scrolls!
The orc warrior burns you!
* * * LOW HITPOINT WARNING * * *
Suppress closely misses the orc knight.
The orc knight hits Suppress with a +0 dire flail!!
Suppress is destroyed!
The orc knight barely misses you. ๐Ÿ˜จ HP[-32] MP[-1]
You take 32 damage, and now have 42/99 hp.
MASSIVE DAMAGE!! (PAUSE)
You lost 1 mp, and now have 2/19 mp.
The orc warrior no longer looks unusually strong.
The orc priest calls upon Beogh to heal the orc knight.
The orc knight is healed somewhat.
Things that are here:
a +0 dagger; a +2 robe of willpower; an orc corpse ๐Ÿ˜จ HP[+2]
You regained 2 hp, and now have 44/99 hp.
You mangle the orc warrior!!
You claw the orc warrior, but do no damage.
The orc knight no longer looks unusually strong.
The orc warrior hits you with a +2 long sword of flaming!
* * * LOW HITPOINT WARNING * * *
The orc warrior burns you.
* * * LOW HITPOINT WARNING * * *
๐Ÿ˜จ HP[-7]
You take 7 damage, and now have 37/99 hp.
The orc knight roars a battlecry!
The orcs go into a battle-frenzy!
The orc knight roars a battlecry!
The orc knight goes into a battle-frenzy! ๐Ÿ˜จ HP[+1] ๐Ÿ˜จ HP[+1]
You claw the orc knight!
You claw the orc knight, but do no damage.
You feel less confused.
Something hits you but does no damage. ๐Ÿ˜จ HP[+1] MP[+1]
The orc priest calls upon Beogh to heal the orc knight.
The orc knight is healed somewhat. ๐Ÿ˜จ HP[+1]
The orc priest calls upon Beogh to heal the orc warrior.
The orc warrior is healed somewhat.
You see here a warg corpse. ๐Ÿ˜จ HP[+2]
You regained 2 hp, and now have 43/99 hp.
Items here: ))) [[[ รทรทรท. ๐Ÿ˜จ HP[+1]
There is a stone staircase leading up here. ๐Ÿ˜จ HP[+1]
The orc priest looks encouraged for a moment.
You climb upwards.
Reactivating autopickup.
There is a stone staircase leading down here. ๐Ÿ˜จ HP[+3] MP[+1]
You regained 3 hp, and now have 48/99 hp. ๐Ÿ˜ฎ HP[+2]
You regained 2 hp, and now have 50/99 hp.
You feel yourself speed up.
The orc knight closely misses you. ๐Ÿ˜ฎ HP[+1]
You scratch the orc knight. Your kick misses the orc knight.
The orc knight hits you with a +2 antimagic war axe.
* * * LOW HITPOINT WARNING * * *
๐Ÿ˜จ HP[-2]
You take 2 damage, and now have 49/99 hp.
You scratch the orc knight but do no damage. ๐Ÿ˜ฎ HP[+1]
You barely miss the orc knight.
The orc knight hits you with a +2 antimagic war axe!
* * * LOW HITPOINT WARNING * * *
You feel your power leaking away. ๐Ÿ˜จ HP[-13] MP[-4]
You take 13 damage, and now have 37/99 hp.
You lost 4 mp, and now have 0/19 mp.
You mangle the orc knight!! You completely miss the orc knight.
You claw the orc knight!
The orc knight hits you with a +2 antimagic war axe!!!
You die...

Skill      XL: |  1  2  3  4  5  6  7  8  9 10 11 |
---------------+----------------------------------+-----
Unarmed Combat | 4 5 6 8 9 10 11 12 | 12.2
Fighting       | 3 5 6 8 |  8.0
Dodging        | 3 5 6 7 8 |  8.5
Armour         | 2 |  2.5
Stealth        | |  1.0

Action                   |  1- 3 |  4- 6 |  7- 9 | 10-12 || total
-------------------------+-------+-------+-------+-------++-------
Melee: Unarmed           |   107 |    84 |   183 |   204 ||   578
       Punch             |     2 |     4 |     9 |    12 ||    27
       Kick              |       |       |    23 |    64 ||    87
Invok: Ancestor Life: He |     1 |       |       |       ||     1
       Ancestor Identity |     1 |       |       |       ||     1
       Idealise          |       |       |       |     1 ||     1
  Use: Scroll            |       |     5 |     5 |     2 ||    12
       Potion            |       |     5 |     6 |     6 ||    17
 Stab: Sleeping          |       |     7 |       |       ||     7
       Distracted        |       |     2 |     8 |     3 ||    13
       Confused          |       |       |     3 |     2 ||     5
Armor: Robe              |    29 |    22 |    51 |       ||   102
       Steam dragon scal |       |       |       |    69 ||    69
Dodge: Dodged            |    65 |    45 |    78 |   116 ||   304

Levels and vault maps discovered:
D:1:      ncdulo_wetmaze, layout_basic, ebering_ecumenical_altar_sacrificial
D:2:      layout_basic, serial_shops, nicolae_diamond_shop, uniq_robin,
          uniq_natasha
D:3:      layout_loops_ring, lemuel_crystal_altar, serial_shops, shop_coins,
          minmay_misc_feat_iff, kennysheep_another_room, uniq_terence
D:4:      layout_rooms, minmay_temple_entry_hall, due_unseen_surprise,
          uniq_menkaure, uniq_pikel
D:5:      layout_basic, uniq_blork_the_orc, uniq_eustachio
D:6:      minmay_spotlight, layout_cave_pools, ebering_ghost_sewer_f,
          serial_park, serial_park_tiny_2, serial_park_square3
          [serial_park_minivault_5x5_7], serial_park_square2, uniq_duvessa
D:7:      layout_rooms, gammafunk_temple_overflow_statue,
          minmay_misc_feat_hallway, kennysheep_nub, nicolae_alphabet_shops
D:8:      gammafunk_jiyva_shrine, layout_basic, nzn_wu_jian_contemplation,
          nicolae_vehumet_altar_sigil, uniq_psyche, uniq_harold
D:9:      layout_cave_pools, nicolae_dithmenos_through_a_glass_darkly,
          orc_0_dummy, uniq_joseph, uniq_maggie
Orc:1:    layout_caves, serial_shops, nicolae_lakefront_shop
Orc:2:    st_orc_congregation, layout_caves, kennysheep_orc_sif_temple

Notes
Turn   | Place    | Note
-------+----------+-------------------------------------------
     0 | D:1      | melkoren the Troll Monk began the quest for the Orb.
     0 | D:1      | Reached XP level 1. HP: 22/22 MP: 0/0
     0 | D:1      | magus.rc [v1.11.3]
   118 | D:1      | Reached XP level 2. HP: 25/29 MP: 1/1
   217 | D:1      | Reached skill level 4 in Unarmed Combat
   383 | D:1      | Found a faded altar of an unknown god.
   397 | D:1      | Became a worshipper of Hepliaklqana the Forgotten
   397 | D:1      | Reached * piety under Hepliaklqana
   397 | D:1      | Reached ** piety under Hepliaklqana
   398 | D:1      | Remembered your ancestor Suppress as a hexer
   696 | D:1      | Reached XP level 3. HP: 32/32 MP: 2/2
   861 | D:2      | Noticed Robin
   874 | D:2      | Killed Robin
   953 | D:2      | Reached XP level 4. HP: 21/39 MP: 3/3
   954 | D:2      | Reached skill level 5 in Unarmed Combat
  1025 | D:2      | Reached *** piety under Hepliaklqana
  1051 | D:2      | You pick up a book of Frost and begin reading...
  1051 | D:2      | You add the spells Freeze, Frozen Ramparts and Hailstorm to
                  | your library.
  1342 | D:2      | Noticed Natasha
  1347 | D:2      | Killed Natasha
  1358 | D:2      | Reached XP level 5. HP: 45/45 MP: 4/4
  1377 | D:2      | Found Kushrekk's Book Emporium.
  1590 | D:2      | Noticed Natasha
  1596 | D:2      | Killed Natasha
  1597 | D:2      | Reached skill level 6 in Unarmed Combat
  1777 | D:2      | Noticed Natasha
  1782 | D:2      | Killed Natasha
  2017 | D:3      | Found a broken altar of Ashenzari.
  2034 | D:3      | Found Juilem's Jewellery Boutique.
  2092 | D:3      | Noticed Terence
  2098 | D:3      | Killed Terence
  2176 | D:3      | You add the spells Gell's Gravitas, Teleport Other and
                  | Dispersal to your library.
  2821 | D:4      | Reached XP level 6. HP: 42/53 MP: 5/5
  2840 | D:4      | Reached skill level 7 in Unarmed Combat
  2907 | D:4      | Noticed Pikel
  2928 | D:4      | Killed Pikel
  2929 | D:4      | Reached skill level 3 in Fighting
  2929 | D:4      | Reached skill level 3 in Dodging
  2929 | D:4      | Reached skill level 8 in Unarmed Combat
  2929 | D:4      | Reached XP level 7. HP: 45/60 MP: 6/6
  2972 | D:4      | Noticed Menkaure
  2981 | D:4      | Killed Menkaure
  2982 | D:4      | Reached XP level 8. HP: 70/70 MP: 7/7
  3041 | D:4      | Found a staircase to the Ecumenical Temple.
  3170 | D:4      | Reached **** piety under Hepliaklqana
  3410 | D:5      | Entered Level 5 of the Dungeon
  3441 | D:5      | Reached skill level 4 in Fighting
  3441 | D:5      | Reached skill level 4 in Dodging
  3454 | D:5      | You pick up a book of Vapours and begin reading...
  3454 | D:5      | You add the spells Poisonous Vapours, Corpse Rot and
                  | Freezing Cloud to your library.
  3693 | D:5      | Reached skill level 9 in Unarmed Combat
  3789 | D:5      | Noticed Eustachio
  3796 | D:5      | Killed Eustachio
  4232 | D:5      | Noticed Blork the orc
  4235 | D:5      | Killed Blork the orc
  4243 | D:5      | Identified a scroll of acquirement
  4243 | D:5      | Acquired 847 gold pieces
  4330 | D:3      | Bought a +4 ring of protection for 504 gold pieces
  4557 | D:6      | Reached skill level 5 in Fighting
  4559 | D:6      | Reached skill level 5 in Dodging
  4564 | D:6      | Reached XP level 9. HP: 75/79 MP: 8/8
  4592 | D:6      | Found a runed translucent door.
  4593 | D:6      | Noticed Goldberg's ghost (novice DrBe)
  4634 | D:6      | Killed Goldberg's ghost
  4640 | D:6      | Found a runed translucent door.
  4653 | D:6      | Gained mutation: Your system is resistant to poisons.
                  | (rPois) [potion of mutation]
  4653 | D:6      | Gained mutation: You have sharp toenails. [potion of
                  | mutation]
  4653 | D:6      | Gained mutation: You sometimes lose the ability to read
                  | scrolls when taking damage. [potion of mutation]
  4653 | D:6      | Gained mutation: Your mind is acute. (Int +2) [potion of
                  | mutation]
  4690 | D:6      | Reached skill level 10 in Unarmed Combat
  4839 | D:6      | Reached skill level 6 in Fighting
  4842 | D:6      | Reached skill level 6 in Dodging
  5066 | D:6      | Reached ***** piety under Hepliaklqana
  5166 | D:6      | Noticed Dowan
  5171 | D:6      | Noticed Duvessa
  5179 | D:6      | Killed Dowan
  5190 | D:6      | Killed Duvessa
  5373 | D:7      | Found Selexoor's Superlative Supplies.
  5407 | D:7      | HP: 17/82 [steam dragon (5)]
  5411 | D:7      | Reached XP level 10. HP: 16/90 MP: 3/9
  5529 | D:7      | Bought the +1 steam dragon scales of Lugonu's Whim {Str-4
                  | Slay+5} for 646 gold pieces
  5873 | D:7      | Found an opulent altar of Gozag.
  5874 | D:7      | Found a snail-covered altar of Cheibriados.
  6051 | D:8      | Noticed Harold
  6075 | D:8      | Killed Harold
  6076 | D:8      | Reached skill level 7 in Fighting
  6076 | D:8      | Reached skill level 7 in Dodging
  6185 | D:8      | You pick up a book of Alchemy and begin reading...
  6185 | D:8      | You add the spells Sublimation of Blood, Petrify and
                  | Irradiate to your library.
  6207 | D:8      | Found a radiant altar of Vehumet.
  6224 | D:8      | Reached skill level 11 in Unarmed Combat
  6260 | D:8      | Noticed a glowing orange brain
  6261 | D:8      | Found a viscous altar of Jiyva.
  6606 | D:8      | Found an ornate altar of the Wu Jian Council.
  6650 | D:8      | Noticed Psyche
  6655 | D:8      | Killed Psyche
  6700 | D:8      | Found a transporter.
  6703 | D:8      | Found a transporter.
  6880 | D:9      | Found a shadowy altar of Dithmenos.
  6981 | D:9      | Noticed Maggie
  6995 | D:9      | Killed Maggie
  7017 | D:9      | You pick up a book of Dreams and begin reading...
  7017 | D:9      | You add the spells Ensorcelled Hibernation, Spider Form and
                  | Shadow Creatures to your library.
  7057 | D:9      | Found a staircase to the Orcish Mines.
  7087 | D:9      | You pick up a book of Spectacle and begin reading...
  7087 | D:9      | You add the spells Dazzling Flash, Iskenderun's Mystic
                  | Blast and Starburst to your library.
  7292 | D:9      | Noticed Joseph
  7301 | D:9      | Killed Joseph
  7302 | D:9      | Reached skill level 8 in Fighting
  7302 | D:9      | Reached XP level 11. HP: 77/99 MP: 10/10
  7394 | Orc:1    | Entered Level 1 of the Orcish Mines
  7394 | Orc:1    | Noticed an orc knight
  7405 | D:9      | Reached skill level 8 in Dodging
  7420 | D:9      | HP: 24/99 [orc knight (19)]
  7421 | D:9      | Killed an orc knight
  7650 | Orc:1    | Reached skill level 1 in Armour
  7808 | Orc:2    | Entered Level 2 of the Orcish Mines
  7818 | Orc:2    | Reached skill level 12 in Unarmed Combat
  8115 | Orc:2    | Noticed an orc sorcerer
  8121 | Orc:2    | Found a staircase to the Elven Halls.
  8122 | Orc:2    | Noticed a sun demon
  8123 | Orc:2    | Killed an orc sorcerer
  8124 | Orc:2    | Reached skill level 2 in Armour
  8136 | Orc:2    | Noticed an orc knight
  8143 | Orc:2    | Noticed an orc sorcerer
  8144 | Orc:2    | Noticed an orc knight
  8255 | Orc:2    | Paralysed by an orc sorcerer for 2 turns
  8261 | Orc:2    | Killed an orc sorcerer
  8287 | Orc:1    | Slain by an orc knight

Vanquished Creatures
  Harold (D:8)
  The ghost of Goldberg the Cudgeller, a novice DrBe of Trog (D:6)
  Pikel (D:4)
  An orc knight (D:9)
  2 orc sorcerers (Orc:2)
  A cyclops (Orc:1)
  Psyche (D:8)
  Maggie (D:9)
  A troll (D:9)
  Eustachio (D:5)
  3 yaks (D:8)
  2 steam dragons (D:7)
  Menkaure (D:4)
  A warg (Orc:2)
  A water moccasin (D:7)
  8 orc warriors
  An ice beast (D:5)
  Duvessa (D:6)
  2 black bears
  A sky beast (D:6)
  5 ogres
  A hornet zombie (D:7)
  A centaur (D:8)
  Blork the orc (D:5)
  A kobold brigand (D:8)
  A gnoll sergeant (D:6)
  A scorpion (D:6)
  2 bullfrogs (D:6)
  10 killer bees
  9 wights
  A howler monkey (D:4)
  A centaur zombie (D:6)
  3 jellies
  5 hounds
  A bullfrog skeleton (D:5)
  5 orc priests
  A gnoll shaman (D:6)
  A centaur skeleton (D:7)
  A scorpion zombie (D:5)
  Terence (D:3)
  4 iguanas (D:6)
  Natasha (twice) (D:2)
  6 orc wizards
  A hound zombie (D:5)
  A hound skeleton (D:4)
  A howler monkey zombie (D:6)
  Robin (D:2)
  5 gnolls (D:6)
  8 adders
  A shadow imp (D:7)
  A white imp (D:6)
  4 dart slugs
  28 orcs
  4 ball pythons
  9 endoplasms
  2 giant cockroaches
  13 goblins
  7 hobgoblins
  5 jackals
  10 kobolds
  3 quokkas (D:1)
  3 bats
  3 frilled lizards
  6 rats
212 creatures vanquished.

Vanquished Creatures (collateral kills)
  Joseph (D:9)
  A yak (D:8)
  A warg (Orc:1)
  A water moccasin (D:8)
  3 orc warriors
  An ice beast (D:6)
  A black bear (D:6)
  A necrophage (D:4)
  Dowan (D:6)
  3 killer bees
  2 centaur zombies
  Natasha (D:2)
  3 iguanas
  An orc wizard (D:8)
  2 adders
  A worm (D:4)
  5 orcs
  A quokka (D:2)
  A ball python (D:6)
  A bat (D:2)
32 creatures vanquished.

Vanquished Creatures (others)
  3 hexers
3 creatures vanquished.

Grand Total: 247 creatures vanquished

Table legend:
 A = Non-vault XP
 B = Vault XP
 C = Vault XP percentage of total XP
 D = Non-vault monster count
 E = Vault monster count
 F = Vault count percentage of total count
                 A         B        C        D         E       F
            +---------+---------+-------+---------+---------+-------
      Total |    9704 |    5900 |  37.8 |     199 |      45 |  18.4
            +---------+---------+-------+---------+---------+-------
        D:1 |      50 |       0 |   0.0 |      28 |       0 |   0.0
        D:2 |     156 |      67 |  30.0 |      22 |      10 |  31.2
        D:3 |      13 |      36 |  73.5 |       9 |       1 |  10.0
        D:4 |     445 |     779 |  63.6 |      19 |       2 |   9.5
        D:5 |     557 |     311 |  35.8 |      11 |       2 |  15.4
        D:6 |    1139 |    1420 |  55.5 |      24 |      16 |  40.0
        D:7 |    1007 |       0 |   0.0 |      15 |       0 |   0.0
        D:8 |    1669 |    1376 |  45.2 |      22 |       2 |   8.3
        D:9 |    2472 |     821 |  24.9 |      29 |       2 |   6.5
      Orc:1 |     951 |       0 |   0.0 |       8 |       0 |   0.0
      Orc:2 |    1245 |    1090 |  46.7 |      12 |      10 |  45.5
            +---------+---------+-------+---------+---------+-------

Illustrated notes

Table legend:
 A = Kills in this place as a percentage of kills in entire the game.
 B = Kills by you in this place as a percentage of kills by you in the entire game.
 C = Kills by friends in this place as a percentage of kills by friends in the entire game.
 D = Other kills in this place as a percentage of other kills in the entire game.
 E = Experience gained in this place as a percentage of experience gained in the entire game.
 F = Experience gained in this place divided by the number of levels of this place that you have seen.
                   A       B       C       D       E      F
               +-------+-------+-------+-------+-------+----------------------
         Total | 100.0 | 100.0 | 100.0 | 100.0 | 100.0 | 1418.5
       Dungeon |  87.7 |  87.6 |  87.5 | 100.0 |  78.9 | 1368.7
  Orcish Mines |  12.3 |  12.4 |  12.5 |   0.0 |  21.1 | 1643.0
               +-------+-------+-------+-------+-------+----------------------

Table legend: (Time is in decaauts)
 A = Elapsed time spent in this place.
 B = Non-inter-level travel time spent in this place.
 C = Inter-level travel time spent in this place.
 D = Time resting spent in this place.
 E = Time spent auto-exploring this place.
 F = Levels seen in this place.
 G = Mean time per level.
                   A        B        C        D        E       F      G
               +--------+--------+--------+--------+--------+-----+--------+
         Total |   8181 |   7673 |    508 |    570 |   5252 |  11 |  743.7 |
       Dungeon |   7524 |   7017 |    507 |    508 |   4911 |   9 |  836.0 |
  Orcish Mines |    656 |    656 |      0 |     62 |    341 |   2 |  328.0 |
               +--------+--------+--------+--------+--------+-----+--------+

Top non-repeatable levels by time:
     D:3: 1081 daAuts
     D:2: 965 daAuts
     D:5: 903 daAuts
     D:6: 879 daAuts
     D:1: 845 daAuts
     D:8: 804 daAuts
     D:9: 756 daAuts
     D:4: 665 daAuts
     D:7: 623 daAuts
   Orc:2: 392 daAuts
   Orc:1: 263 daAuts
